 Dungeon Crawl Stone Soup version 0.30-a0-12-gd8047c6341 (webtiles) character file.

Game seed: 12639098649421205659

224 SensoryNuts the Chopper (level 6, -8/53 HPs)
             Began as a Hill Orc Fighter on Aug 23, 2022.
             Killed by divine providence
             ... invoked by an orc priest
              (11 damage)
             ... on level 4 of the Dungeon.
             The game lasted 00:05:15 (4098 turns).

SensoryNuts the Chopper (Hill Orc Fighter)          Turns: 4098, Time: 00:05:16

Health: -8/53      AC: 10    Str: 19    XL:     6   Next: 0%
Magic:  6/6        EV:  9    Int:  8    God:
Gold:   219        SH:  5    Dex: 12    Spells: 5/5 levels left

rFire   . . .      SeeInvis .    a - +0 war axe
rCold   . . .      Faith    .    c - +0 buckler
rNeg    . . .      Spirit   .    b - +0 scale mail
rPois   .          Reflect  .    k - +0 helmet
rElec   .          Harm     .    d - +1 cloak {rCorr}
rCorr   +          Rampage  .    (no gloves)
Will    .....                    (no boots)
Stlth   ..........               p - amulet of regeneration
HPRegen 0.97/turn                (no ring)
MPRegen 0.10/turn                (no ring)

@: hasted, slow
A: no striking features
a: Convert to Beogh


You were on level 4 of the Dungeon.
You visited 1 branch of the dungeon, and saw 4 of its levels.

You collected 219 gold pieces.

Inventory:

Hand Weapons
 a - a +0 war axe (weapon)
Armour
 b - a +0 scale mail (worn)
 c - a +0 buckler (worn)
 d - a +1 cloak of preservation (worn)
 k - a +0 helmet (worn)
Jewellery
 p - an amulet of regeneration (around neck)
Scrolls
 e - a scroll of brand weapon {unknown}
 f - 2 scrolls of enchant armour
 i - 2 scrolls of blinking
 j - a scroll of immolation {unknown}
 l - a scroll of teleportation
 q - a scroll of amnesia
 r - a scroll of identify


   Skills:
 + Level 4.5 Fighting
 - Level 1.5 Short Blades
 * Level 5.3 Axes
 + Level 4.0 Armour
 + Level 0.3 Dodging
 + Level 4.1 Shields


You had 5 spell levels left.
You didn't know any spells.
Your spell library contained the following spells:

 Spells                   Type           Power      Damage    Failure   Level
 Magic Dart               Conj           0%         1d3       86%         1
 Summon Small Mammal      Summ           0%         N/A       86%         1
 Call Imp                 Summ           0%         N/A       94%         2
 Call Canine Familiar     Summ           0%         N/A       99%         3
 Ignite Poison            Fire/Tmut/Pois 0%         N/A       99%         3
 Mephitic Cloud           Conj/Pois/Air  0%         N/A       99%         3
 Portal Projectile        Hex/Tloc       0%         N/A       99%         3
 Summon Guardian Golem    Hex/Summ       0%         N/A       99%         3
 Leda's Liquefaction      Hex/Erth       0%         N/A       100%        4
 Freezing Cloud           Conj/Ice/Air   0%         6-21      100%        5
 Chain Lightning          Conj/Air       0%         N/A       100%        9
 Fire Storm               Conj/Fire      0%         5d1       100%        9
 Shatter                  Erth           0%         3d5*      100%        9


Dungeon Overview and Level Annotations

Branches:
Dungeon (4/15)
 Temple: D:4-7

Altars:
Fedhas

Annotations:
D:4 Pikel


Message History

You closely miss Pikel.
Pikel is heavily wounded.
Pikel hits you but does no damage.
You hit Pikel but do no damage.
Pikel is heavily wounded.
You miss Pikel.
Pikel is heavily wounded.
You feel less wooden.
Your +1 cloak of preservation unmelds from your body.
Your +0 helmet unmelds from your body.
Your +0 scale mail unmelds from your body.
Pikel hits you with a +2 whip of freezing.
Pikel freezes you.
Okay, then.
Your unstable footing causes you to fumble your attack.
Pikel hits you but does no damage.
Unknown command.
You hit Pikel.
Pikel is severely wounded.
The orc priest looks braver for a moment.
Pikel completely misses you.
You hit Pikel.
Pikel is severely wounded.
Pikel hits you with a +2 whip of freezing.
Pikel freezes you.
* * * LOW HITPOINT WARNING * * *
Your unstable footing causes you to fumble your attack.
The orc priest casts a cantrip, but nothing happens.
Pikel barely misses you.
The orc priest shouts, "Surrender to Beogh and we'll let you live!"
Unknown command.
You barely miss Pikel.
Pikel is severely wounded.
Your unstable footing causes you to fumble your attack.
The orc priest calls down the wrath of Beogh upon you.
Beogh smites you!
* * * LOW HITPOINT WARNING * * *
The orc priest mumbles some strange prayers to Beogh against you.
Beogh smites you!
You die...

###### #≈~≈≈#
#@≈~≈###
...o55K≈~≈~'.##
...o55#~≈~≈#..#
...o{##≈~≈≈##.#
.....
######.)##########
.... ##...........
... #####.......
... #.###### #.# #


You could see Pikel, 4 lemures, 2 orc priests and an orc.

Vanquished Creatures
  Crazy Yiuf (D:3)
  Natasha (thrice) (D:2)
  An orc wizard (D:3)
  An adder (D:2)
  2 worms
  3 dart slugs
  2 orcs (D:3)
  5 ball pythons
  8 endoplasms
  3 giant cockroaches (D:1)
  6 goblins
  2 hobgoblins
  12 jackals
  5 kobolds
  3 quokkas
  6 bats
  4 frilled lizards
  5 rats
72 creatures vanquished.

Vanquished Creatures (others)
  7 demonic plants (D:3)
  2 fungi (D:3)
  2 withered plants (D:3)
11 creatures vanquished.

Grand Total: 83 creatures vanquished

Notes
Turn   | Place    | Note
-------+----------+-------------------------------------------
     0 | D:1      | SensoryNuts the Hill Orc Fighter began the quest for the
                  | Orb.
     0 | D:1      | Reached XP level 1. HP: 19/19 MP: 1/1
    30 | D:1      | Reached XP level 2. HP: 25/27 MP: 2/2
   396 | D:1      | Reached skill level 3 in Axes
   650 | D:1      | Reached XP level 3. HP: 22/33 MP: 3/3
  1550 | D:2      | Found the +8 arc blade {discharge, rElec}
  1566 | D:2      | Noticed Natasha
  1574 | D:2      | Killed Natasha
  1575 | D:2      | Reached skill level 4 in Axes
  1575 | D:2      | Reached XP level 4. HP: 32/40 MP: 4/4
  1766 | D:2      | Noticed Natasha
  1775 | D:2      | Killed Natasha
  1776 | D:2      | Reached skill level 1 in Short Blades
  2183 | D:2      | Noticed Natasha
  2196 | D:2      | Killed Natasha
  2197 | D:2      | Reached XP level 5. HP: 17/47 MP: 5/5
  2667 | D:2      | Identified a scroll of acquirement
  2667 | D:2      | Acquired a +1 cloak of preservation
  2768 | D:3      | Found a blossoming altar of Fedhas.
  2990 | D:3      | Found a faded altar of an unknown god.
  3231 | D:3      | Reached skill level 5 in Axes
  3663 | D:3      | Found a runed translucent door.
  3664 | D:3      | Noticed Crazy Yiuf
  3865 | D:3      | Killed Crazy Yiuf
  3866 | D:3      | Reached XP level 6. HP: 34/53 MP: 6/6
  4058 | D:4      | Noticed Pikel
  4098 | D:4      | Killed from afar by an orc priest

Illustrated notes

Levels and vault maps discovered:
D:1:      ebering_hopf_link, layout_basic, minmay_misc_feat_enclosed
D:2:      layout_basic, minmay_pentomino_w4, uniq_natasha
D:3:      layout_basic, overflow_temple_1_default, shapermc_ecumenical_altar_gd,
          grunt_decor_resistance, uniq_crazy_yiuf_cottage
D:4:      layout_loops_ring, temple_doors_ab, chequers_garden,
          chequers_serial_rivers_room_b, minmay_ruined_shrine, uniq_sigmund,
          uniq_duvessa, uniq_pikel

Skill      XL: |  1  2  3  4  5 |
---------------+----------------+-----
Axes           | 3 4 5 |  5.3
Fighting       | 4 |  4.5
Shields        | 4 |  4.1
Short Blades   | 1 |  1.5
Armour         | 4 |  4.0
Dodging        | |  0.3

Action                   |  1- 3 |  4- 6 || total
-------------------------+-------+-------++-------
Melee: War axe           |   123 |   107 ||   230
       Rapier            |       |    18 ||    18
  Use: Potion            |     1 |     6 ||     7
       Scroll            |       |     7 ||     7
Armor: Scale mail        |    72 |    30 ||   102
       Skin              |       |    12 ||    12
Dodge: Dodged            |    66 |    42 ||   108
Block: Buckler           |    33 |    25 ||    58

Table legend: (Time is in decaauts)
 A = Elapsed time spent in this place.
 B = Non-inter-level travel time spent in this place.
 C = Inter-level travel time spent in this place.
 D = Time resting spent in this place.
 E = Time spent auto-exploring this place.
 F = Levels seen in this place.
 G = Mean time per level.
                   A        B        C        D        E       F      G
               +--------+--------+--------+--------+--------+-----+--------+
         Total |   4194 |   3956 |    238 |      0 |   3330 |   4 | 1048.5 |
       Dungeon |   4194 |   3956 |    238 |      0 |   3330 |   4 | 1048.5 |
               +--------+--------+--------+--------+--------+-----+--------+

Top non-repeatable levels by time:
     D:1: 1530 daAuts
     D:3: 1288 daAuts
     D:2: 1277 daAuts
     D:4: 97 daAuts
